 Dungeon Crawl Stone Soup version 0.31-a0-728-g01b46875f1 (console) character file.

Game seed: 15584142323697308059

40892 petzl the Destroyer (level 14, -4/98 HPs)
             Began as a Formicid Delver on Sept 11, 2023.
             Was an Elder of Vehumet.
             Slain by a sun demon (19 damage)
             ... led by a balrug
             ... on level 2 of the Abyss.
             The game lasted 02:53:04 (28998 turns).

petzl the Destroyer (Formicid Delver)              Turns: 28998, Time: 02:53:04

Health: -4/98      AC:  7    Str: 16    XL:     14   Next: 47%
Magic:  0/26       EV: 14    Int: 22    God:    Vehumet [****..]
Gold:   1107       SH:  6    Dex: 15    Spells: 14/30 levels left

rFire   + . .        b - +3 shortbow (drain)
rCold   + + .        m - +0 buckler
rNeg    + . .        R - +3 leather armour {rC+}
rPois   .            (helmet unavailable)
rElec   .            A - scarf {rC+ rF+}
rCorr   .            (no gloves)
SInv    +            (no boots)
Will    +....        j - amulet of guardian spirit
Stlth   ++++         z - ring of positive energy
HPRegen 0.36/turn    o - +6 ring of intelligence
MPRegen 0.20/turn

%: guardian spirit
@: no status effects
A: permanent stasis, dig shafts and tunnels, antennae 3, four strong arms
a: Dig, Shaft Self, Renounce Religion


You were on level 2 of the Abyss.
You worshipped Vehumet.
Vehumet was greatly pleased with you.
You visited 4 branches of the dungeon, and saw 21 of its levels.
You visited the Abyss 1 time.
You also visited: Bailey.

You collected 1107 gold pieces.

Inventory:

Hand Weapons
 a - a +1 hand axe of venom {!f =f}
 b - a +3 shortbow of draining (weapon)
 c - a +1 dagger of chaos {!f =f}
 d - a +2 spear of flaming {!f =f}
 e - a +0 eveningstar
 q - a +0 dagger of protection {!f =f}
 r - a +0 orcbow
 D - a +1 heavy flail
 G - a +0 quarterstaff
 Q - a +3 mace of freezing
 U - a +2 whip of venom
 Z - a +5 rapier
Missiles
 F - 33 poisoned darts
 O - a curare-tipped dart
Armour
 i - a +0 troll leather armour
 m - a +0 buckler (worn)
 A - a scarf of resistance (worn)
 I - a +0 scale mail of fire resistance
 N - an orb of guile
 R - a +3 leather armour of cold resistance (worn)
Magical Staves
 y - a staff of poison
Jewellery
 j - an amulet of guardian spirit (around neck)
 o - a +6 ring of intelligence (right hand)
 p - a ring of positive energy
 z - a ring of positive energy (left hand)
 X - a ring of wizardry
Wands
 f - a wand of digging (1)
 k - a wand of polymorph (16)
 C - a wand of roots (10)
 K - a wand of mindburst (13)
 M - a wand of flame (50)
 V - a wand of light (10)
Scrolls
 l - 2 scrolls of silence
 n - 3 scrolls of immolation
 t - 3 scrolls of vulnerability
 u - a scroll of revelation
 w - a scroll of summoning
 x - a scroll of enchant armour
 B - 2 scrolls of amnesia
 E - 2 scrolls of torment
Potions
 g - a potion of might
 h - 4 potions of enlightenment
 s - 2 potions of brilliance
 v - 2 potions of resistance {unknown}
 H - 2 potions of magic {unknown}
 J - 2 potions of attraction {unknown}
 L - a potion of curing
 P - a potion of heal wounds
 S - 2 potions of mutation {unknown}
 T - a potion of ambrosia {unknown}
 W - a potion of lignification


   Skills:
 * Level 5.1 Fighting
 - Level 2.0 Maces & Flails
 - Level 5.0 Ranged Weapons
 + Level 8.0 Armour
 + Level 6.7 Dodging
 - Level 9.0 Stealth
 + Level 9.2 Shields
 + Level 8.7 Spellcasting
 + Level 9.3 Conjurations
 - Level 5.0 Necromancy
 - Level 3.0 Translocations
 * Level 6.0 Fire Magic
 + Level 7.1 Ice Magic
 - Level 8.0 Earth Magic
 - Level 6.0 Poison Magic
 - Level 2.0 Evocations


You had 14 spell levels left.
You knew the following spells:

 Your Spells              Type           Power      Damage    Failure   Level
a - Stone Arrow           Conj/Erth      94%        3d12      1%          3
c - Kiss of Death         Conj/Necr      100%       2d13      1%          1
s - Sticky Flame          Conj/Fire      43%        2d6       1%          4
v - Apportation           Tloc           44%        N/A       3%          1
A - Ozocubu's Armour      Ice            41%        N/A       1%          3
T - Olgreb's Toxic Radia  Pois           36%        N/A       2%          4

Your spell library contained the following spells:

 Spells                   Type           Power      Damage    Failure   Level
 Necrotise                Necr           100%       1d9       1%          1
 Frozen Ramparts          Ice            82%        1d13      1%          3
 Summon Small Mammal      Summ           36%        N/A       10%         1
 Animate Dead             Necr           31%        N/A       13%         4
 Dispel Undead            Necr           31%        3d14      13%         4
 Call Imp                 Summ           18%        N/A       16%         2
 Petrify                  Tmut/Erth      27%        N/A       19%         4
 Borgnjor's Vile Clutch   Necr/Erth      19%        N/A       19%         5
 Summon Ice Beast         Ice/Summ       25%        N/A       22%         4
 Manifold Assault         Tloc           22%        N/A       28%         4
 Confusing Touch          Hex            9%         N/A       30%         3
 Summon Guardian Golem    Hex/Summ       9%         N/A       30%         3
 Metabolic Englaciation   Hex/Ice        12%        N/A       54%         5
 Ozocubu's Refrigeration  Ice            20%        4d12      71%         7
 Death Channel            Necr           15%        N/A       89%         6
 Dispersal                Tloc           11%        N/A       99%         6
 Disjunction              Tloc           11%        N/A       100%        8


Dungeon Overview and Level Annotations

Branches:
Dungeon (14/15)            Temple (1/1) D:6            Lair (5/5) D:9
 Shoals (1/4) Lair:3       Spider (0/4) Lair:3        Slime (0/5) Lair:4
 Bailey (visited)
    Orc: D:9-12      Vaults: D:13-14

Altars:
Ashenzari
Cheibriados
Dithmenos
Elyvilon
Fedhas
Gozag
Hepliaklqana
Kikubaaqudgha
Makhleb
Nemelex Xobeh
Okawaru
Qazlal
Ru
Sif Muna
Trog
Uskayaw
Vehumet
Wu Jian
Xom
Yredelemnul
Zin
The Shining One
Jiyva

Annotations:
D:10 exclusion: upstairs
D:11 exclusion: downstairs
D:12 !wizbanish, exclusion: cyclops
D:13 Urug
Lair:3 exclusion: downstairs
Lair:4 exclusion: 3 downstairs
Lair:5 Rupert


Innate Abilities, Weirdness & Mutations

You cannot be hasted, slowed, berserked, paralysed or teleported.
You can dig through walls and to a lower floor.
You have a pair of large antennae on your head. (SInv)
Your four strong arms can wield two-handed weapons with a shield.


Message History

A sun demon comes into view.
The sun demon shouts! x3
A balrug comes into view.
It is wielding a +0 demon whip of electrocution.
The balrug shouts!
You hear a shout!
The balrug gestures at you. Something smites you!
Okay, then.
Unknown command.
The sun demon attacks as it pursues you!
The sun demon hits you!
You are engulfed in flames!
You resist.
The sun demon attacks as it pursues you!
The sun demon hits you.
You are engulfed in flames!
You resist.
The sun demon attacks as it pursues you!
The sun demon hits you!
You are engulfed in flames!
You resist. You block the sun demon's attack.
The sun demon attacks as it pursues you!
The sun demon misses you.
The sun demon attacks as it pursues you!
The sun demon hits you but does no damage.
You block the sun demon's attack.
The sun demon attacks as it pursues you!
You block the sun demon's attack.
An ancient zyme comes into view.
You feel yourself growing ill in the presence of the ancient zyme.
The sun demon attacks as it pursues you!
The sun demon hits you!
You are engulfed in flames!
You resist. The sun demon hits you!!
* * * LOW HITPOINT WARNING * * *
You are engulfed in flames!
You resist.
* * * LOW HITPOINT WARNING * * *
Unknown command.
Unknown command.
Unknown command.
Unknown command.
Unknown command.
As you read the scroll of fear, it crumbles to dust.
You assume a fearsome visage.
The sun demon resists with almost no effort.
The sun demon looks frightened! x2; The sun demon hits you!!
You die...

# # . # .. . . #
#.# . . .. . # .#
...# . # ...#... ..
#.##..#. .#. #
....3... ###. #.
.##.# #.##.##..
###. # . ..##..3...
. ## .. #.#.....#
..# #.. .
#.#.#.#### #.
#...#.#..##.x..##..
#....##....#..#...
##.##.#..#.#.{.. .
#.#.##.....#.#.#..
##3#3....#.##. ...
##3..#.#..#.###..#.
#@##...#### # .#
#####..# .. .##..
## #... ..# .# #


You could see 3 sun demons.

Vanquished Creatures
  6 hydras
  3 two-headed ogres
  3 boulder beetles
  A tengu warrior (D:13)
  Nergalle (Lair:1)
  A skyshark (Lair:3)
  An orb spider (Lair:3)
  A lindwurm (Lair:4)
  A wolf spider (D:10)
  A deep elf pyromancer (D:13)
  2 ugly things
  4 black mambas
  6 elephants (Lair:2)
  A gargoyle (D:13)
  Jeremiah (D:6)
  Maggie (D:8)
  A rime drake (Lair:2)
  11 cane toads
  An unseen horror (D:10)
  Psyche (D:10)
  2 kobold demonologists
  A tengu conjurer (D:13)
  3 komodo dragons
  8 hornets
  5 trolls
  A polar bear (Lair:2)
  Grinder (D:6)
  Prince Ribbit (D:6)
  7 blink frogs (Lair:1)
  A spriggan (Bailey)
  Sigmund (D:6)
  A shadow (D:12)
  2 wyverns
  A basilisk (Lair:1)
  44 yaks
  A wraith (D:13)
  2 vampire mosquitoes (D:12)
  Menkaure (D:4)
  5 steam dragons
  A warg (D:12)
  An acid dragon (D:12)
  11 water moccasins
  Duvessa (D:6)
  6 orc warriors
  An ice beast (D:6)
  A sky beast (D:6)
  3 ogres
  4 wolves (Lair:2)
  4 centaurs
  3 kobold brigands
  3 phantoms
  15 bullfrogs
  A gnoll sergeant (D:10)
  3 scorpions
  7 wights (D:6)
  Dowan (D:6)
  2 killer bees (D:9)
  10 howler monkeys
  2 electric eels
  5 jellies
  A gnoll bouda (D:10)
  5 orc priests
  3 hounds (D:6)
  Terence (D:3)
  4 sleepcaps
  6 iguanas
  17 orc wizards
  A centaur simulacrum (D:10)
  Robin (D:2)
  11 gnolls
  8 adders
  A shadow imp (D:6)
  2 white imps
  An ufetubus (D:5)
  A worm (D:2)
  3 dart slugs
  47 orcs
  6 endoplasms
  2 giant cockroaches (D:1)
  13 hobgoblins
  5 jackals (D:1)
  7 quokkas
  9 ball pythons
  6 bats
  3 frilled lizards
  9 goblins
  29 kobolds
  5 rats
428 creatures vanquished.

Vanquished Creatures (others)
  A bullfrog (D:8)
  3 killer bees (D:9)
  A howler monkey (D:9)
5 creatures vanquished.

Grand Total: 433 creatures vanquished

Notes
Turn   | Place    | Note
-------+----------+-------------------------------------------
     0 | D:5      | petzl the Formicid Delver began the quest for the Orb.
     0 | D:5      | Reached XP level 1. HP: 18/18 MP: 1/1
     3 | D:6      | Noticed Sigmund
   113 | D:5      | Reached skill level 1 in Spellcasting
   113 | D:5      | Reached XP level 2. HP: 24/24 MP: 1/4
   212 | D:5      | Reached XP level 3. HP: 17/29 MP: 6/6
  1191 | D:1      | Reached XP level 4. HP: 35/35 MP: 8/8
  1480 | D:2      | Found a faded altar of an unknown god.
  1684 | D:2      | Learned a level 1 spell: Kiss of Death
  1688 | D:2      | Learned a level 3 spell: Ozocubu's Armour
  1736 | D:1      | You fall into a shaft and drop 1 floor!
  2014 | D:2      | Reached XP level 5. HP: 41/41 MP: 10/10
  2485 | D:3      | Noticed Terence
  2516 | D:3      | Killed Terence
  2700 | D:3      | Noticed Robin
  2734 | D:2      | Killed Robin
  2944 | D:3      | Reached skill level 1 in Armour
  3138 | D:3      | Reached XP level 6. HP: 39/47 MP: 12/12
  3311 | D:4      | Noticed an ogre
  3401 | D:4      | Reached skill level 1 in Ice Magic
  3401 | D:4      | Reached skill level 1 in Evocations
  3506 | D:4      | Reached skill level 1 in Poison Magic
  3560 | D:4      | Reached skill level 1 in Conjurations
  3560 | D:4      | Reached skill level 1 in Necromancy
  3736 | D:3      | Reached XP level 7. HP: 28/53 MP: 8/13
  4353 | D:4      | Noticed Menkaure
  4357 | D:4      | You fall into a shaft and drop 1 floor!
  4593 | D:5      | You fall into a shaft and drop 1 floor!
  6633 | D:6      | Reached XP level 8. HP: 57/60 MP: 14/14
  6696 | D:6      | Noticed Duvessa
  6696 | D:6      | Noticed Dowan
  6696 | D:6      | Noticed Grinder
  6784 | D:6      | Noticed Prince Ribbit
  6954 | D:6      | You fall into a shaft and drop 2 floors!
  7013 | D:8      | Noticed a wyvern
  7147 | D:6      | Noticed a +0 dagger
  7147 | D:6      | Noticed a +0 hand axe
  7260 | D:6      | Killed Sigmund
  7272 | D:6      | Found a hide-covered altar of Uskayaw.
  7394 | D:6      | Found a staircase to the Ecumenical Temple.
  7398 | D:6      | Noticed Jeremiah
  7403 | Temple   | Entered the Ecumenical Temple
  7413 | Temple   | Became a worshipper of Vehumet
  7463 | D:6      | You fall into a shaft and drop 2 floors!
  7471 | D:8      | You fall into a shaft and drop 1 floor!
  7610 | D:10     | Entered Level 10 of the Dungeon
  7624 | D:10     | Found a flagged portal.
  7627 | D:9      | Noticed a two-headed ogre
  7643 | Bailey   | Entered a bailey
  7670 | Bailey   | Identified a scroll of acquirement
  7673 | Bailey   | Acquired the Spellbook of Forceful Production
  7679 | Bailey   | Learned a level 3 spell: Stone Arrow
  7741 | Bailey   | Noticed a spriggan
  7752 | Bailey   | Killed a spriggan
  7753 | Bailey   | Reached XP level 9. HP: 25/66 MP: 7/16
  7758 | Bailey   | HP: 2/66 [ogre/+0 halberd (17)]
  8051 | D:9      | Noticed a two-headed ogre
  8052 | D:9      | Noticed a troll
  8056 | D:9      | You fall into a shaft and drop 3 floors!
  8252 | D:14     | Noticed a centaur warrior
  8268 | D:13     | Noticed a gargoyle
  8334 | D:12     | Noticed a brown ugly thing
  8391 | D:10     | Noticed a troll
  8401 | D:10     | Noticed Psyche
  8473 | D:8      | You fall into a shaft and drop 1 floor!
  8865 | D:9      | Reached skill level 5 in Spellcasting
  8942 | D:9      | Reached skill level 5 in Earth Magic
  9096 | D:8      | HP: 3/66 [acid dragon/splash of acid (12)]
  9097 | D:8      | You fall into a shaft and drop 1 floor!
  9610 | D:8      | Reached * piety under Vehumet
  9610 | D:8      | Offered knowledge of Shock by Vehumet.
  9723 | D:8      | You fall into a shaft and drop 3 floors!
  9914 | D:10     | Killed Psyche
 10089 | D:10     | Noticed a troll
 10134 | D:10     | Noticed a kobold demonologist
 10157 | D:10     | Killed a kobold demonologist
 10158 | D:10     | Reached skill level 5 in Conjurations
 10158 | D:10     | Reached XP level 10. HP: 66/73 MP: 16/18
 10224 | D:10     | Reached skill level 5 in Armour
 10247 | D:10     | You fall into a shaft and drop 1 floor!
 10735 | D:10     | Reached skill level 1 in Ranged Weapons
 10834 | D:10     | Noticed a wolf spider
 10840 | D:10     | Killed a wolf spider
 11103 | D:10     | Reached skill level 5 in Fighting
 11362 | D:10     | Noticed a boulder beetle
 11455 | D:10     | Noticed a two-headed ogre
 11464 | D:10     | Killed a two-headed ogre
 11465 | D:10     | Reached XP level 11. HP: 77/79 MP: 3/20
 11643 | D:10     | Killed a boulder beetle
 12147 | D:11     | You fall into a shaft and drop 1 floor!
 12342 | D:10     | Reached skill level 1 in Shields
 12961 | D:9      | You fall into a shaft and drop 1 floor!
 13356 | D:8      | You fall into a shaft and drop 3 floors!
 13517 | D:12     | Noticed a cyclops
 13578 | D:12     | Learned a level 1 spell: Apportation
 13983 | D:6      | Killed Jeremiah
 13994 | D:6      | You fall into a shaft and drop 1 floor!
 14185 | D:6      | Killed Grinder
 14465 | D:5      | You fall into a shaft and drop 2 floors!
 14520 | D:6      | Offered knowledge of Searing Ray by Vehumet.
 14780 | D:6      | Reached ** piety under Vehumet
 15373 | D:6      | Killed Prince Ribbit
 15485 | D:6      | Killed Duvessa
 15488 | D:6      | You fall into a shaft and drop 2 floors!
 16123 | D:6      | Killed Dowan
 16297 | D:4      | Killed Menkaure
 16736 | D:8      | Noticed Maggie
 16746 | D:8      | Killed Maggie
 16747 | D:8      | Reached skill level 1 in Translocations
 16862 | D:8      | Found a sacrificial altar of Ru.
 16869 | D:8      | Found a blossoming altar of Fedhas.
 16872 | D:8      | Found a glowing golden altar of the Shining One.
 16956 | D:9      | You fall into a shaft and drop 2 floors!
 17233 | D:10     | Reached XP level 12. HP: 44/86 MP: 7/22
 17499 | D:9      | You fall into a shaft and drop 3 floors!
 17880 | D:9      | You fall into a shaft and drop 3 floors!
 18114 | D:9      | Killed a two-headed ogre
 18192 | D:9      | Reached skill level 5 in Ranged Weapons
 18346 | D:9      | Found a glowing silver altar of Zin.
 18523 | D:9      | Killed a two-headed ogre
 18524 | D:9      | Reached skill level 5 in Shields
 18667 | D:9      | Offered knowledge of Scorch by Vehumet.
 18762 | D:9      | Reached skill level 5 in Ice Magic
 18797 | D:9      | Found a staircase to the Lair.
 19481 | D:13     | Noticed a tengu warrior
 19740 | Lair:1   | Entered Level 1 of the Lair of Beasts
 19914 | Lair:1   | Reached skill level 5 in Dodging
 19914 | Lair:1   | Reached skill level 5 in Necromancy
 20142 | Lair:1   | Reached *** piety under Vehumet
 20703 | Lair:1   | Noticed Nergalle
 21284 | Lair:1   | Offered knowledge of Sticky Flame by Vehumet.
 21287 | Lair:1   | Reached XP level 13. HP: 91/91 MP: 19/24
 21296 | Lair:1   | Learned a level 4 spell: Sticky Flame
 21765 | Lair:2   | Reached skill level 1 in Fire Magic
 21862 | Lair:2   | Noticed a seven-headed hydra
 22984 | Lair:3   | Found a blossoming altar of Fedhas.
 23409 | Lair:3   | Reached **** piety under Vehumet
 23592 | Lair:3   | Offered knowledge of Olgreb's Toxic Radiance by Vehumet.
 23598 | Lair:3   | Learned a level 4 spell: Olgreb's Toxic Radiance
 23640 | Lair:3   | Noticed a six-headed hydra
 24154 | Lair:3   | Found a staircase to the Shoals.
 24159 | Shoals:1 | Entered Level 1 of the Shoals
 24159 | Shoals:1 | Noticed a merfolk avatar
 24577 | Lair:4   | Found a staircase to the Slime Pits.
 24652 | Lair:4   | Found a shimmering altar of Xom.
 24660 | Lair:4   | Found a viscous altar of Jiyva.
 24816 | Lair:3   | Found a hole to the Spider Nest.
 25143 | Lair:5   | Entered Level 5 of the Lair of Beasts
 25648 | Lair:4   | Noticed an eight-headed hydra
 25657 | Lair:4   | Killed an eight-headed hydra
 25776 | Lair:4   | Reached skill level 5 in Poison Magic
 25999 | Lair:4   | Reached XP level 14. HP: 98/98 MP: 7/26
 26355 | Lair:4   | Reached skill level 5 in Fire Magic
 27077 | Lair:5   | Noticed Rupert
 27702 | Lair:1   | Killed Nergalle
 28457 | D:13     | Noticed Urug
 28965 | Abyss:2  | Cast into level 2 of the Abyss (a wizard)
 28969 | Abyss:2  | Noticed a balrug
 28998 | Abyss:2  | Slain by a sun demon

Illustrated notes

Levels and vault maps discovered:
D:1:      dpeg_arrival_refuge, layout_basic
D:2:      layout_rooms, ebering_ecumenical_altar_petrified
D:3:      minmay_skewed_foursquare, layout_basic, uniq_terence, uniq_robin
D:4:      layout_basic, uniq_menkaure
D:5:      lemuel_ice_spiral_2, layout_basic
D:6:      kennysheep_kobold_camp, layout_basic, dancing_weapons_uskayaw,
          minmay_temple_entry_trees, water_maze_lemuel, uniq_duvessa,
          uniq_grinder, uniq_sigmund, uniq_prince_ribbit1, uniq_jeremiah
D:7:      nicolae_cairo_tiling_very_big, layout_rooms
D:8:      layout_basic, minmay_overflow_temple_star_quad, uniq_maggie
D:9:      layout_basic, kennysheep_mini, grunt_lair_entry_orc_guard_hut,
          grunt_ministairs_8, lemuel_flamethrower_2
D:10:     cheibrodos_fzero, layout_grid_maze, enter_bailey_2, uniq_psyche
D:11:     layout_gridville
D:12:     layout_loops_corners, erik_orc_3
D:13:     layout_stronghold, uniq_urug
D:14:     minmay_the_grid_octo_tiled_octocenter [minmay_the_grid_octo_clover_2,
          minmay_the_grid_octo_focus, minmay_the_grid_octo_fat_diamond,
          minmay_the_grid_octo_pinwheel, minmay_the_grid_octo_prize_big_c,
          minmay_the_grid_square_5x5_inner_v,
          minmay_the_grid_square_5x5_fancy_junction,
          minmay_the_grid_square_5x5_three_small,
          minmay_the_grid_square_5x5_inner_z], layout_basic, david_vaults_5,
          hangedman_decor_push
Temple:   nicolae_temple_bog_church
Lair:1:   layout_regular_city, chequers_serial_rivers_large_a, uniq_nergalle
Lair:2:   layout_layer_cave, serial_bayou_shore_b
Lair:3:   layout_cave_pods, elwin_shoals_entry_rooms,
          nicolae_spider_entry_orb_guardian, basic_altar, dreamdust_wasp_nest
Lair:4:   layout_long_grid, nicolae_slime_entry_field_trip, basic_altar,
          grunt_megastairs_2, serial_bayou_shore_a
Lair:5:   gammafunk_lair_ancient_temple, layout_long_grid, serial_forest,
          infiniplex_forest_end_3, infiniplex_forest_clump_curved,
          infiniplex_forest_straight_2, infiniplex_forest_clump_medium,
          infiniplex_forest_clump_tiny, infiniplex_forest_lined_2,
          infiniplex_forest_clump_long, infiniplex_forest_clump_tiny,
          infiniplex_forest_clump_diagonal, uniq_nessos, uniq_rupert
Shoals:1: layout_shoals, uniq_aizul
Abyss:2:  base:
Orc:1

Skill      XL: |  1  2  3  4  5  6  7  8  9 10 11 12 13 14 |
---------------+-------------------------------------------+-----
Spellcasting   | 1 2 3 4 5 6 7 8 |  8.7
Dodging        | 2 3 4 5 6 |  6.7
Armour         | 1 2 4 5 6 7 8 |  8.0
Ice Magic      | 1 2 3 4 5 6 7 |  7.1
Evocations     | 1 2 |  2.0
Poison Magic   | 1 2 3 5 6 |  6.0
Conjurations   | 1 2 5 6 7 8 9 |  9.3
Necromancy     | 1 2 3 4 5 |  5.0
Fighting       | 4 5 |  5.1
Stealth        | 7 8 9 |  9.0
Earth Magic    | 3 6 7 8 |  8.0
Ranged Weapons | 2 4 5 |  5.0
Shields        | 4 6 8 9 |  9.2
Translocations | 1 3 |  3.0
Fire Magic     | 4 6 |  6.0
Maces & Flails | |  2.0

Action                     |  1- 3 |  4- 6 |  7- 9 | 10-12 | 13-15 || total
---------------------------+-------+-------+-------+-------+-------++-------
  Melee: Mace              |    73 |   250 |   178 |       |     5 ||   506
         Punch             |       |     1 |    10 |       |       ||    11
         Hand axe          |       |       |   192 |   143 |    62 ||   397
         Dagger            |       |       |       |       |     4 ||     4
   Fire: Shortbow          |       |       |    52 |   280 |   132 ||   464
  Throw: Stone             |       |     9 |     8 |       |       ||    17
         Boomerang         |       |     6 |       |       |       ||     6
         Dart              |       |       |       |     2 |       ||     2
   Cast: Ozocubu's Armour  |       |       |     3 |       |     6 ||     9
         Stone Arrow       |       |       |    18 |   226 |   177 ||   421
         Kiss of Death     |       |       |       |     1 |       ||     1
         Sticky Flame      |       |       |       |       |    33 ||    33
         Olgreb's Toxic Ra |       |       |       |       |    20 ||    20
Ability: Shaft Self        |       |     1 |     9 |    10 |       ||    20
         Dig               |       |       |     4 |     2 |     1 ||     7
  Evoke: Wand              |     2 |       |    14 |    10 |     4 ||    30
    Use: Potion            |       |     1 |     5 |     5 |     5 ||    16
         Scroll            |       |       |    13 |    14 |     3 ||    30
   Stab: Sleeping          |     6 |     8 |     3 |     1 |     2 ||    20
         Distracted        |       |     1 |       |       |       ||     1
         Invisible         |       |       |     2 |       |       ||     2
 Armour: Leather armour    |    22 |       |       |    60 |   137 ||   219
         Ring mail         |    24 |   194 |   361 |    33 |       ||   612
         Skin              |       |       |     3 |    15 |       ||    18
         Scale mail        |       |       |       |   123 |       ||   123
  Dodge: Dodged            |    45 |   155 |   294 |   150 |   108 ||   752
  Block: Buckler           |       |       |       |    51 |    50 ||   101

Table legend: (Time is in decaauts)
 A = Elapsed time spent in this place.
 B = Non-inter-level travel time spent in this place.
 C = Inter-level travel time spent in this place.
 D = Time resting spent in this place.
 E = Time spent auto-exploring this place.
 F = Levels seen in this place.
 G = Mean time per level.
                   A        B        C        D        E       F      G
               +--------+--------+--------+--------+--------+-----+--------+
         Total |  29422 |  27435 |   1987 |  10871 |   7667 |  23 | 1279.2 |
       Dungeon |  21178 |  19839 |   1339 |   7806 |   5120 |  14 | 1512.7 |
        Temple |     87 |     68 |     19 |     64 |      0 |   1 |   87.0 |
          Lair |   7999 |   7371 |    628 |   2955 |   2547 |   5 | 1599.8 |
        Shoals |      1 |      1 |      0 |      0 |      0 |   1 |    1.0 |
         Abyss |     32 |     32 |      0 |      0 |      0 |   1 |   32.0 |
        Bailey |    123 |    123 |      0 |     45 |      0 |   1 |  123.0 |
               +--------+--------+--------+--------+--------+-----+--------+

Top non-repeatable levels by time:
    D:10: 3427 daAuts
  Lair:3: 2365 daAuts
     D:9: 2326 daAuts
     D:5: 2095 daAuts
     D:6: 2079 daAuts
  Lair:4: 1979 daAuts
  Lair:1: 1943 daAuts
     D:4: 1752 daAuts
  Lair:2: 1699 daAuts
     D:3: 1597 daAuts
    D:12: 1358 daAuts
    D:11: 1338 daAuts
     D:8: 1312 daAuts
    D:13: 1216 daAuts
     D:7: 961 daAuts
